 Dungeon Crawl Stone Soup version 0.23.2-1-ga50397a (webtiles) character file.

Game seed: 403092651490285542

70 funkygono the Cudgeler (level 4, 0/35 HPs)
             Began as a Demonspawn Monk on May 18, 2019.
             Slain by a frilled lizard (3 damage)
             ... on level 1 of the Dungeon.
             The game lasted 00:03:58 (1148 turns).

funkygono the Cudgeler (Demonspawn Monk)            Turns: 1148, Time: 00:03:59

Health: 0/35       AC:  2    Str: 13    XL:     4   Next: 3%
Magic:  4/4        EV: 13    Int: 11    God:
Gold:   52         SH:  0    Dex: 15    Spells: 3/3 levels left

rFire    . . .     SeeInvis .   a - +0 mace
rCold    . . .     Gourm    .   (no shield)
rNeg     . . .     Faith    .   b - +0 robe
rPois    .         Spirit   .   (helmet restricted)
rElec    .         Reflect  .   e - scarf {repulsion}
rCorr    .         Harm     .   (no gloves)
MR       .....                  (no boots)
Stlth    ++........             (no amulet)
HPRegen  0.11/turn              (no ring)
MPRegen  0.09/turn              (no ring)

@: repel missiles
A: claws 2, horns 1
a: no special abilities


You were on level 1 of the Dungeon.
You were not hungry.

You visited 1 branch of the dungeon, and saw 2 of its levels.

You collected 52 gold pieces.

Inventory:

Hand Weapons
 a - a +0 mace (weapon)
Armour
 b - a +0 robe (worn)
 e - a scarf of repulsion (worn)
 m - a +1 helmet
Scrolls
 d - a scroll of identify {unknown}
 i - a scroll of enchant armour {unknown}
 l - a scroll of teleportation {unknown}
 n - a scroll of fear {unknown}
Potions
 g - a potion of flight {unknown}
 h - a potion of lignification {unknown}
 j - a potion of brilliance {unknown}
 k - a potion of mutation {unknown}
Comestibles
 c - 3 rations
 f - 6 chunks of flesh


   Skills:
 + Level 3.4 Fighting
 + Level 3.6 Maces & Flails
 + Level 3.2 Dodging
 + Level 2.1 Stealth


You had 3 spell levels left.
You didn't know any spells.
Your spell library was empty.

Dungeon Overview and Level Annotations

Branches:
Dungeon (2/15)

Altars:


Innate Abilities, Weirdness & Mutations

You have very sharp fingernails.
You have a pair of small horns on your head.


Message History

You hit the jackal but do no damage. The jackal barely misses you.
You barely miss the jackal. Your headbutt misses the jackal.
The jackal bites you.
* * * LOW HITPOINT WARNING * * *
The jackal closely misses you.
You barely miss the jackal. The jackal closely misses you.
The jackal bites you.
* * * LOW HITPOINT WARNING * * *
You hit the jackal but do no damage. The jackal closely misses you.
The jackal bites you.
* * * LOW HITPOINT WARNING * * *
You closely miss the jackal. The jackal misses you.
You hit the jackal.
You kill the jackal!
You barely miss the frilled lizard.
The frilled lizard bites you but does no damage.
You barely miss the frilled lizard.
The frilled lizard bites you but does no damage.
The frilled lizard bites you.
You die...

..(## #.# #.# ##.....# ..
...### #.# #)# ##...##
...#... ..# #.# #...
.....#########.######
......
.#.........)...............
#...............######....
................# #...
.##.............#### #..#
## .............@l.###..#
#.
............##...#..####...
..#.........###...).....#..
.##.........# #..........#
#.........# #....%...#..
.........# #........#
.######## #............ .
#..........h. ..
#............


You could see a frilled lizard.

Vanquished Creatures
  Robin (D:2)
  A worm (D:2)
  3 dart slugs (D:1)
  A leopard gecko (D:2)
  2 giant cockroaches (D:1)
  13 goblins
  6 hobgoblins
  7 jackals (D:1)
  A bat (D:1)
  3 kobolds
  5 rats
43 creatures vanquished.

Notes
Turn   | Place    | Note
-------+----------+-------------------------------------------
     0 | D:1      | funkygono the Demonspawn Monk began the quest for the Orb.
     0 | D:1      | Reached XP level 1. HP: 18/18 MP: 1/1
   177 | D:1      | Gained mutation: You have a pair of small horns on your
                  | head. [demonic ancestry]
   177 | D:1      | Reached XP level 2. HP: 23/24 MP: 2/2
   439 | D:1      | You fall through a shaft!
   612 | D:2      | Noticed Robin
   668 | D:2      | Killed Robin
   668 | D:2      | Gained mutation: You have sharp fingernails. [demonic
                  | ancestry]
   668 | D:2      | Reached XP level 3. HP: 26/29 MP: 3/3
  1138 | D:1      | Gained mutation: You have very sharp fingernails. [demonic
                  | ancestry]
  1138 | D:1      | Reached XP level 4. HP: 14/35 MP: 4/4
  1148 | D:1      | Slain by a frilled lizard

Skill      XL: |  1  2  3 |
---------------+----------+-----
Maces & Flails | 3 |  3.6
Dodging        | 3 |  3.2
Stealth        | 2 |  2.1
Fighting       | |  3.4

Action                   |  1- 3 |  4- 6 || total
-------------------------+-------+-------++-------
Melee: Mace              |   109 |    10 ||   119
       Headbutt          |    12 |       ||    12
 Stab: Sleeping          |     1 |       ||     1
  Eat: Chunk             |     1 |       ||     1
Armor: Robe              |    18 |     2 ||    20
Dodge: Dodged            |    66 |     8 ||    74
